 Dungeon Crawl Stone Soup version 0.26.1-2-gb8aa6d0cf2 (webtiles) character file.

Game seed: 13173627464021811637

63 Fanghorn the Grave Robber (level 3, 0/24 HPs)
             Began as a Mummy Necromancer on Feb 16, 2021.
             Slain by a leopard gecko (3 damage)
             ... on level 2 of the Dungeon.
             The game lasted 00:07:48 (1831 turns).

Fanghorn the Grave Robber (Mummy Necromancer)       Turns: 1831, Time: 00:07:49

Health: 0/24       AC:  2    Str: 11    XL:     3   Next: 87%
Magic:  3/8        EV: 12    Int: 15    God:
Gold:   104        SH:  0    Dex: 12    Spells: 9/10 levels left

rFire    x . .     SeeInvis .   g - +0 mace
rCold    + . .     Faith    .   (no shield)
rNeg     + + +     Spirit   .   a - +0 robe
rPois    ∞         Reflect  .   (no helmet)
rElec    .         Harm     .   (no cloak)
rCorr    .         Rampage  .   (no gloves)
Will     .....                  (no boots)
Stlth    ++........             (no amulet)
HPRegen  0.08/turn              (no ring)
MPRegen  0.11/turn              (no ring)

@: no status effects
A: no potions, fire vulnerability, cold resistance 1, negative energy resistance
3, torment resistance, unbreathing
a: no special abilities


You were on level 2 of the Dungeon.
You visited 1 branch of the dungeon, and saw 2 of its levels.

You collected 104 gold pieces.

Inventory:

Hand Weapons
 g - a +0 mace (weapon)
 k - a +0 whip
Armour
 a - a +0 robe (worn)
 e - +0 gold dragon scales
 f - a +0 pair of gloves
 h - a +0 leather armour
Jewellery
 c - an uncursed ring of protection from cold {unknown}
 j - a cursed ring of teleportation {unknown}
Scrolls
 b - a scroll of enchant armour {unknown}
 d - a scroll of identify {unknown}
 i - a scroll of amnesia {unknown}


   Skills:
 + Level 1.6 Dodging
 + Level 1.5 Stealth
 * Level 4.0 Spellcasting
 + Level 4.8 Necromancy


You had 9 spell levels left.
You knew the following spells:

 Your Spells              Type           Power        Failure   Level
a - Pain                  Necr           68%          2%          1

Your spell library contained the following spells:

 Spells                   Type           Power        Failure   Level
 Animate Skeleton         Necr           34%          2%          1
 Vampiric Draining        Necr           8%           8%          3
 Animate Dead             Necr           8%           24%         4
 Agony                    Necr           17%          56%         5


Dungeon Overview and Level Annotations

Branches:
Dungeon (2/15)

Altars:


Innate Abilities, Weirdness & Mutations

You do not drink.
Your flesh is vulnerable to fire.
You are immune to poison.
Your flesh is cold resistant. (rC+)
You are immune to negative energy. (rN+++)
You are immune to unholy pain and torment.
You can survive without breathing.


Message History

Confirm with . or Enter, or press ? or * to list all spells.
Aiming: Pain (safe; 2% risk of failure)
Press: ? - help, Shift-Dir - straight line, f - adder
Aim: an adder (heavily wounded, chance to affect: 82%)
The adder writhes in agony.
The adder bites you.
* * * LOW HITPOINT WARNING * * *
The adder barely misses you.
Casting: Pain (safe; 2% risk of failure)
Confirm with . or Enter, or press ? or * to list all spells.
Aiming: Pain (safe; 2% risk of failure)
Press: ? - help, Shift-Dir - straight line, f/p - adder
Aim: an adder (almost dead, chance to affect: 82%)
The adder writhes in agony.
You kill the adder!
The leopard gecko closely misses you. The leopard gecko misses you.
The leopard gecko bites you.
* * * LOW HITPOINT WARNING * * *
The leopard gecko bites you.
You die...

### #.#.#
#.#.# #.#.#
#.#.# #g#.#
#######B#.#
#.........#
###.#####.###
.......@l.#
....####### #


You could see a leopard gecko.

Vanquished Creatures
  2 adders (D:2)
  A leopard gecko (D:2)
  3 giant cockroaches (D:1)
  4 goblins
  5 hobgoblins
  9 jackals (D:1)
  4 kobolds (D:1)
  A quokka (D:2)
  5 bats (D:1)
  2 frilled lizards
  3 rats (D:1)
39 creatures vanquished.

Notes
Turn   | Place    | Note
-------+----------+-------------------------------------------
     0 | D:1      | Fanghorn the Mummy Necromancer began the quest for the Orb.
     0 | D:1      | Reached XP level 1. HP: 13/13 MP: 4/4
   292 | D:1      | Reached XP level 2. HP: 19/19 MP: 1/5
  1048 | D:1      | Reached XP level 3. HP: 24/24 MP: 3/7
  1831 | D:2      | Slain by a leopard gecko

Illustrated notes

Levels and vault maps discovered:
D:1:      ncdulo_smallfort, layout_basic
D:2:      layout_loops_ring

Skill      XL: |  1  2  3 |
---------------+----------+-----
Spellcasting   | 3 4 |  4.0
Dodging        | |  1.6
Stealth        | |  1.5
Necromancy     | |  4.8

Action                   || total
-------------------------++-------
Melee: Unarmed           ||    20
       Mace              ||     9
 Cast: Pain              ||    74
Armor: Robe              ||    10
Dodge: Dodged            ||    47
